 Dungeon Crawl Stone Soup version 0.28.0-56-g4927b6849a (webtiles) character file.

Game seed: 4753290015823623045

21 mopl the Bolt Thrower (level 2, -2/37 HPs)
             Began as a Minotaur Hunter on Jan 25, 2023.
             Slain by Terence
             ... wielding a +0 morningstar
              (4 damage)
             ... on level 2 of the Dungeon.
             The game lasted 00:01:15 (853 turns).

mopl the Bolt Thrower (Minotaur Hunter)              Turns: 853, Time: 00:01:16

Health: -2/37      AC:  5    Str: 16    XL:     2   Next: 62%
Magic:  1/1        EV: 11    Int:  8    God:
Gold:   82         SH:  0    Dex: 10    Spells: 1/1 levels left

rFire   . . .      SeeInvis .   b - +0 quarterstaff
rCold   . . .      Faith    .   (shield currently unavailable)
rNeg    . . .      Spirit   .   f - +0 ring mail
rPois   .          Reflect  .   (helmet restricted)
rElec   .          Harm     .   (no cloak)
rCorr   .          Rampage  .   (no gloves)
Will    .....                   (no boots)
Stlth   ..........              (no amulet)
HPRegen 0.12/turn               (no ring)
MPRegen 0.07/turn               (no ring)

@: berserking, very quick
A: horns 2, retaliatory headbutt
a: no special abilities


You were on level 2 of the Dungeon.
You visited 1 branch of the dungeon, and saw 2 of its levels.

You collected 82 gold pieces.

Inventory:

Hand Weapons
 a - a +1 hand crossbow
 b - a +0 quarterstaff (weapon)
 g - a +0 short sword
Missiles
 d - 20 bolts
Armour
 c - a +0 leather armour
 f - a +0 ring mail (worn)
Potions
 e - a potion of berserk rage {!q}
 h - 2 potions of flight {unknown}


   Skills:
 + Level 2.8 Fighting
 * Level 4.7 Crossbows
 + Level 1.0 Armour
 + Level 2.5 Dodging
 - Level 0.7 Stealth


You had one spell level left.
You didn't know any spells.
Your spell library was empty.

Dungeon Overview and Level Annotations

Branches:
Dungeon (2/15)

Altars:

Annotations:
D:2 Terence


Innate Abilities, Weirdness & Mutations

You have a pair of horns on your head.
You reflexively headbutt those who attack you in melee.


Message History

The endoplasm is almost dead.
The endoplasm freezes you.
You are frozen.
You hit the endoplasm.
You kill the endoplasm!
No target in view!
No target in view!
No target in view!
No target in view!
No target in view!
Found a stone staircase leading down.
There is a stone staircase leading down here.
There is a stone staircase leading down here.
There is an escape hatch in the floor here.
You now have 82 gold pieces (gained 14).
Done exploring.
(D) Dungeon
Where to? (Enter - D:1 @ (x,y), ? - help)
What level of the Dungeon? (default 1, ? - help)
There is a stone staircase leading down here.
You climb downwards.
There is a stone staircase leading up here.
Terence the Incautious comes into view.
He is wielding a +0 morningstar.
Terence shouts!
Terence says, "Don't bother to defend, it's senseless."
You hit Terence but do no damage. Your headbutt misses Terence.
Terence hits you with a +0 morningstar!
You barely miss Terence. Terence misses you.
You sock Terence!
Terence is heavily wounded.
Terence misses you. You furiously retaliate!
You headbutt Terence. Terence hits you with a +0 morningstar!
Ouch! That really hurt!
* * * LOW HITPOINT WARNING * * *
You are too injured to fight recklessly!
It was a potion of berserk rage.
A red film seems to cover your vision as you go berserk!
You feel yourself moving faster!
You feel mighty! Terence hits you with a +0 morningstar.
You die...

#
#.#####
#..<..#
#.###@#
# #@#
#.# #.#
#.# #.#
#.# #.#


You could see Terence.

Vanquished Creatures
  A bat (D:1)
  3 endoplasms (D:1)
  2 giant cockroaches (D:1)
  2 goblins (D:1)
  2 hobgoblins (D:1)
  A kobold (D:1)
  2 quokkas (D:1)
  A ball python (D:1)
  A frilled lizard (D:1)
  2 rats (D:1)
17 creatures vanquished.

Notes
Turn   | Place    | Note
-------+----------+-------------------------------------------
     0 | D:1      | mopl the Minotaur Hunter began the quest for the Orb.
     0 | D:1      | Reached XP level 1. HP: 18/18 MP: 0/0
   150 | D:1      | Reached XP level 2. HP: 18/25 MP: 1/1
   490 | D:1      | Reached skill level 1 in Armour
   848 | D:2      | Noticed Terence
   852 | D:2      | HP: 1/25 [Terence/+0 morningstar (15)]
   853 | D:2      | Slain by Terence

Illustrated notes

Levels and vault maps discovered:
D:1:      nzn_arrival_depleted_hourglass, layout_basic,
          kennysheep_decorative_pillar
D:2:      layout_loops_ring, uniq_crazy_yiuf_cottage, uniq_terence

Skill      XL: |  1  2 |
---------------+-------+-----
Armour         | 1 |  1.0
Fighting       | |  2.8
Crossbows      | |  4.7
Dodging        | |  2.5
Stealth        | |  0.7

Action                   || total
-------------------------++-------
Melee: Short sword       ||    26
       Headbutt          ||     4
       Quarterstaff      ||     6
  Use: Potion            ||     1
Armor: Leather armour    ||     9
Dodge: Dodged            ||    20
